 Dungeon Crawl Stone Soup version 0.31.0-12-g77e489cdc1 (webtiles) character file.

Game seed: 3691569633530815706

222492 MasterdooM the Severer (level 18, -5/173 (180) HPs)
             Began as a Minotaur Berserker on Mar 3, 2024.
             Was a High Priest of Trog.
             Killed from afar by a tengu reaver (21 damage)
             ... with a bolt of cold
             ... on level 3 of the Depths.
             The game lasted 02:14:09 (30603 turns).

MasterdooM the Severer (Minotaur Berserker)        Turns: 30603, Time: 02:14:09

HP:   -5/173 (180)  AC: 45    Str: 31    XL:     18   Next: 53%
MP:   0/17          EV: 18    Int:  7    God:    Trog [*****.]
Gold: 1678          SH: 21    Dex: 18    Spells: 17/17 levels left

rFire   + + .        a - +11 war axe "Iphug" {heavy, ^Fragile rElec rPois rF++}
rCold   . . .        S - +0 tower shield
rNeg    . . .        Q - +8 orange crystal plate armour {Archmagi, Int+3 Clar}
rPois   +            H - +2 hat
rElec   +            x - +0 cloak
rCorr   .            T - +2 pair of gloves {Str+3}
SInv    .            X - +3 pair of seven-league boots {Rampage+∞}
Will    +....        J - amulet of guardian spirit Stlth
                     l - +6 ring of dexterity
HPRegen 0.48/turn    C - +5 ring of evasion
MPRegen 0.15/turn

%: clarity, guardian spirit, rampage+∞, archmagi
@: on berserk cooldown, lightly drained
A: horns 2, retaliatory headbutt
}: 1/15 runes: decaying
a: Renounce Religion, Berserk, Trog's Hand, Brothers in Arms


You were on level 3 of the Depths.
You worshipped Trog.
Trog was extremely pleased with you.
You visited 7 branches of the dungeon, and saw 29 of its levels.
You visited the Abyss 1 time.
You also visited: Bailey.

You collected 2974 gold pieces.
You spent 1296 gold pieces at shops.

Inventory:

Hand Weapons
 a - the +11 war axe "Iphug" (weapon) {heavy, ^Fragile rElec rPois rF++}
   (You found it on level 5 of the Dungeon)

   rF++:      It greatly protects you from fire.
   rElec:     It insulates you from electricity.
   rPois:     It protects you from poison ^Fragile: It will be destroyed if
   unequipped.
 b - a +5 heavy broad axe
Missiles
 k - 4 javelins
 n - 50 poisoned darts (quivered)
 r - 244 stones
 N - 15 curare-tipped darts
Armour
 i - +9 gold dragon scales
 x - a +0 cloak (worn)
 H - a +2 hat (worn)
 Q - the +8 orange crystal plate armour (worn) {Archmagi, Int+3 Clar}
   (You found it on level 11 of the Dungeon)

   Int+3:     It affects your intelligence (+3).
   Clar:      It protects you from confusion, rage, mesmerisation and fear.
 S - a +0 tower shield (worn)
 T - a +2 pair of gloves of strength (worn)
 X - the +3 pair of seven-league boots (worn) {Rampage+∞}
   (You found it on level 2 of the Lair of Beasts)

   Rampage+∞: When moving toward enemies, its wearer moves as far as possible,
   alerting their target en route.
Jewellery
 j - a ring of resist corrosion
 l - a +6 ring of dexterity (left hand)
 u - a ring of positive energy
 B - a ring of protection from fire
 C - a +5 ring of evasion (right hand)
 J - an amulet of guardian spirit (around neck)
 L - a ring of poison resistance
 V - the amulet of Saerahol {+Inv rElec Regen+ Str+3}
   (You took it off a rakshasa on level 3 of the Depths)

   [amulet of regeneration]

   Str+3:     It affects your strength (+3).
   rElec:     It insulates you from electricity.
   +Inv:      It lets you turn invisible.
   Regen+:    It increases your rate of health regeneration.
Wands
 y - a wand of flame (24)
 A - a wand of roots (33)
 D - a wand of polymorph (8)
 W - a wand of charming (5)
 Y - a wand of light (8)
Scrolls
 c - 2 scrolls of identify
 e - 12 scrolls of teleportation
 f - 3 scrolls of immolation
 h - 2 scrolls of torment
 q - 3 scrolls of vulnerability
 s - 8 scrolls of enchant weapon
 w - 4 scrolls of fog
 F - 4 scrolls of revelation
 M - 3 scrolls of fear
 P - 2 scrolls of amnesia
 R - a scroll of brand weapon
 U - 2 scrolls of poison
Potions
 d - 4 potions of enlightenment
 g - 5 potions of lignification
 m - 2 potions of curing
 o - 6 potions of invisibility
 p - 6 potions of brilliance
 z - a potion of cancellation
 E - a potion of attraction
 G - 2 potions of might
 I - 4 potions of magic
 K - 4 potions of mutation
 O - 2 potions of ambrosia


   Skills:
 * Level 20.7 Fighting
 + Level 20.9 Axes
 + Level 17.4 Armour
 * Level 13.0 Dodging
 * Level 18.5 Shields


You had 17 spell levels left.
You didn't know any spells.
Your spell library was empty.

Dungeon Overview and Level Annotations

Branches:
Dungeon (15/15)            Temple (0/1) D:6            Lair (3/5) D:11
  Swamp (4/4) Lair:3          Orc (2/2) D:12            Elf (1/3) Orc:2
 Vaults (0/5) D:13         Depths (3/4) D:15           Hell (visited)
 Bailey (visited)
  Snake: Lair:2-3    Spider: Lair:2-3       Dis: Hell:1         Geh: Hell:1
    Coc: Hell:1         Tar: Hell:1

Altars:
Dithmenos
Elyvilon
Fedhas
Makhleb
Nemelex Xobeh
Okawaru
Qazlal
Sif Muna
Trog
Wu Jian
Xom
Yredelemnul

Shops:
D:1 [   Orc:2 (:*[   Elf:1 :=:

Portals:
Hell: Depths:1 Depths:2
Abyss: Depths:2
Pandemonium: Depths:1 Depths:2
Ziggurat: Depths:3

Annotations:
D:10 3 runed translucent doors, Tizio's ghost, journeyman MiFi
Swamp:2 2 transporters, exclusion: obsidian statue
Depths:1 3 runed translucent doors
Hell Geryon


Innate Abilities, Weirdness & Mutations

You have a pair of horns on your head.
You reflexively headbutt those who attack you in melee.


Message History

The tengu reaver gestures at you while chanting.
The bolt of lightning hits you! You resist.
* * * LOW HITPOINT WARNING * * *
You hear a deafening roar!
You feel the effects of Trog's Hand fading.
Your skin stops crawling.
You feel less strong-willed.
A golden dragon comes into view.
The tengu reaver points at you and mumbles some strange words.
The bolt of negative energy hits you!!
You feel drained.
* * * LOW HITPOINT WARNING * * *
You fade into invisibility!
The golden dragon breathes poison at you.
Read: scroll of silence
Press: ? - help, Q - select action, (/) - cycle Dir - look around, f - activate
As you read the scroll of silence, it crumbles to dust.
A profound silence engulfs you.
The tengu reaver hits you but does no damage.
The golden dragon breathes cold at you. The bolt of cold misses you.
The tengu reaver is engulfed in poison gas.
The tengu reaver is poisoned.
The tengu reaver looks even sicker.
The tengu reaver hits you but does no damage.
You feel yourself speed up. The tengu reaver barely misses you.
Things that are here:
a +0 mace; a +0 plate armour
Things that are here:
+0 ice dragon scales; an ice dragon skeleton Your magical effects are unravelling.
You feel magically purged.
You feel yourself speed up.
You feel yourself slow down.
You flicker back into view.
Your hearing returns.
The tengu reaver gestures at you while chanting.
The bolt of negative energy misses you.
The golden dragon breathes poison at you.
The blast of poison misses you.
Items here: )) [[ ÷.
As you read the scroll of fog, it dissolves into smoke.
The tengu reaver casts a spell at you. The bolt of cold hits you!!
You die...

##################'
.#.#......#.#.#...#
.#.#.#....#.#.#...##
.....#....#.#)#....#
Q....[....#.#.#....## ..##
##.##.......#....#..# ...#
............#..§)[§.## ...
..#.........#.§§#§#..# ..#
#...........#[D§@§☼..##..#
#...........)Q.#☼#☼#..#..#
................§☼)...#.#
######################).#
... ....................#
............#############
............#
............##
.............####


You could see a golden dragon (catching breath) and a tengu reaver (repels
missiles, poisoned).

Vanquished Creatures
  2 juggernauts (Depths:3)
  Parghit (Depths:3)
  A caustic shrike (Depths:3)
  2 golden dragons (Depths:3)
  A bone dragon (Abyss:1)
  the Enchantress (Depths:2)
  A walking crystal tome (Depths:3)
  A tentacled monstrosity (Depths:3)
  2 liches (Depths:3)
  Asterion (Depths:1)
  Agnes (Elf:1)
  A tentacled starspawn (Abyss:1)
  2 thorn hunters
  Kirke (Elf:1)
  2 tengu reavers
  A shadow dragon (Depths:3)
  2 fire giants
  2 frost giants
  A balrug (Depths:2)
  5 spriggan defenders
  11 very ugly things
  A cacodemon (Depths:1)
  An ironbound thunderhulk (D:13)
  A vampire knight (Depths:1)
  10 stone giants
  2 eleionomae (Swamp:3)
  5 bunyips
  Nessos (D:14)
  4 spark wasps (Depths:3)
  A green death (Depths:2)
  3 ettins
  Josephine (Orc:2)
  A shambling mangrove (Swamp:4)
  4 fire dragons
  11 hydras
  3 vault guards (D:13)
  5 rakshasas
  6 ice dragons
  3 spriggan air magi
  A catoblepas (D:13)
  2 boulder beetles
  11 alligators
  2 deep troll shamans (Depths:3)
  A ghost crab (Swamp:4)
  A sphinx zombie (Depths:1)
  6 dancing weapons (Elf:1)
  Erica (D:8)
  6 centaur warriors
  6 two-headed ogres
  4 tengu warriors
  Urug (Orc:2)
  A vampire mage (D:14)
  A thrashing horror (Abyss:1)
  4 deep troll earth magi
  3 occultists
  5 spriggan berserkers
  2 wretched stars (Abyss:1)
  Sonja (Orc:2)
  5 skeletal warriors (D:14)
  6 hell knights (Depths:1)
  6 iron trolls
  A fire crab (D:11)
  A sun demon (Depths:2)
  A skyshark (Lair:3)
  Lodul (D:14)
  A deep elf knight (Orc:2)
  5 goliath frogs
  4 deep trolls
  3 sixfirhies
  2 spriggan druids
  12 swamp dragons
  A large abomination (Abyss:1)
  2 arcanists (D:14)
  3 bog bodies
  A glowing orange brain (Depths:1)
  6 deep elf archers (Elf:1)
  10 deep elf zephyrmancers
  6 orc knights
  Pikel (D:8)
  5 deep elf pyromancers
  A lindwurm (Swamp:4)
  A fire giant zombie (Depths:1)
  A necromancer (Depths:1)
  9 ugly things
  4 orc sorcerers
  2 manticores
  2 will-o-the-wisps
  5 cyclopes
  A centaur zombie (D:10)
  A guardian serpent (Lair:2)
  A frost giant skeleton (Depths:1)
  A rust devil (Abyss:1)
  A kobold blastminer (Orc:2)
  Joseph (D:8)
  2 black mambas (Lair:3)
  A cane toad (Lair:2)
  5 gargoyles
  A smoke demon (Abyss:1)
  An orange demon (Abyss:1)
  2 efreet
  A hellion (Depths:1)
  A rime drake (Lair:2)
  An unseen horror zombie (D:10)
  3 unseen horrors (D:11)
  2 kobold demonologists
  Maggie (D:8)
  3 tengu conjurers (Depths:1)
  6 komodo dragons
  A freezing wraith (Abyss:1)
  A merfolk (shapeshifter) (Depths:3)
  6 trolls
  A bloated husk (Swamp:1)
  7 tyrant leeches
  A harpy zombie (Abyss:1)
  A tarantella (Lair:3)
  Grinder (D:6)
  A spriggan skeleton (Depths:1)
  7 hornets
  A polar bear (Lair:2)
  A blink frog (shapeshifter) (Depths:1)
  11 blink frogs
  A glass eye (Depths:1)
  7 dream sheep (Lair:2)
  3 slime creatures (D:12)
  4 vampires
  A water elemental (Elf:1)
  Sigmund (D:2)
  2 wyverns
  2 ynoxinuls (Abyss:1)
  A shadow (D:11)
  2 humans (D:13)
  9 spriggans
  11 wraiths
  58 yaks
  A golden eye (Abyss:1)
  3 basilisks
  5 hogs (Elf:1)
  10 starcursed masses (Abyss:1)
  A steam dragon (D:10)
  18 vampire mosquitoes
  A chaos spawn (Abyss:1)
  A redback (Lair:3)
  Edmund (D:4)
  10 swamp worms
  5 water moccasins
  2 acid dragons
  7 swamp drakes (Swamp:4)
  2 black bears
  2 sky beasts
  25 orc warriors
  An ice beast (shapeshifter) (D:13)
  13 ogres
  8 laughing skulls
  12 centaurs
  3 lemures (D:8)
  5 kobold brigands
  3 scorpions
  13 bullfrogs
  2 earth elementals (Elf:1)
  A tengu zombie (Depths:1)
  19 killer bees
  8 vampire bats (Bailey)
  2 howler monkeys
  7 wolf zombies (Bailey)
  2 electric eels (Elf:1)
  3 crimson imps (D:7)
  2 bombardier beetles (D:6)
  3 quasits (Abyss:1)
  5 hounds
  Crazy Yiuf (D:4)
  15 orc priests
  A gnoll bouda (D:7)
  2 iguanas
  Natasha (twice) (D:2)
  17 orc wizards
  3 gnolls (D:7)
  4 adders
  A shadow imp (D:7)
  2 white imps
  3 ufetubi
  2 ribbon worms
  45 orcs
  5 ball pythons
  6 endoplasms
  6 goblins
  7 hobgoblins
  23 kobolds
  3 quokkas
  8 bats
  4 frilled lizards
  18 orc zombies (Bailey)
  3 rats
  2 butterflies (D:6)
  A lurking horror (Abyss:1)
  A spectral weapon (Depths:1)
  2 starspawn tentacles (Abyss:1)
843 creatures vanquished.

Vanquished Creatures (collateral kills)
  A walking frostbound tome (Depths:3)
  A spriggan defender (Depths:3)
  An orc warlord (Orc:2)
  A bunyip (Swamp:4)
  A shambling mangrove (Swamp:4)
  3 hydras (Swamp:4)
  An orc high priest (Orc:2)
  A spriggan (Swamp:4)
  2 swamp dragons (Swamp:4)
  A lindwurm (Swamp:4)
  An orc knight (Orc:2)
  A hornet (Swamp:4)
  A raiju (Abyss:1)
  A swamp worm (Swamp:4)
  2 orc warriors (Orc:2)
  An orc priest (Orc:2)
  2 starcursed masses (Abyss:1)
  An orc (Orc:2)
23 creatures vanquished.

Vanquished Creatures (others)
  An eleionoma (Swamp:2)
  A lindwurm (Swamp:4)
  A vampire mosquito (Swamp:1)
  2 orc wizards (Orc:2)
  11 foxfires
  2 starspawn tentacles (Abyss:1)
18 creatures vanquished.

Grand Total: 884 creatures vanquished

Notes
Turn   | Place    | Note
-------+----------+-------------------------------------------
     0 | D:1      | MasterdooM the Minotaur Berserker began the quest for the
                  | Orb.
     0 | D:1      | Reached XP level 1. HP: 19/19 MP: 0/0
   258 | D:1      | Reached XP level 2. HP: 27/27 MP: 1/1
   757 | D:2      | Reached XP level 3. HP: 31/33 MP: 2/2
   866 | D:2      | Noticed Sigmund
   871 | D:2      | Killed Sigmund
   872 | D:2      | Reached skill level 5 in Axes
   872 | D:2      | Reached XP level 4. HP: 38/41 MP: 3/3
   872 | D:2      | Reached XP level 5. HP: 43/47 MP: 4/4
   909 | D:2      | Reached ** piety under Trog
  1002 | D:2      | Noticed Natasha
  1007 | D:2      | Killed Natasha
  1322 | D:2      | Noticed Natasha
  1329 | D:2      | Killed Natasha
  1330 | D:2      | Reached skill level 5 in Fighting
  1657 | D:3      | Reached XP level 6. HP: 52/56 MP: 5/5
  1851 | D:3      | Found an ornate altar of the Wu Jian Council.
  2551 | D:4      | Found a bloodstained altar of Trog.
  2768 | D:4      | Noticed Edmund
  2777 | D:4      | Killed Edmund
  2778 | D:4      | Reached skill level 5 in Armour
  3037 | D:4      | Found a runed translucent door.
  3038 | D:4      | Noticed Crazy Yiuf
  3047 | D:4      | Killed Crazy Yiuf
  3048 | D:4      | Reached XP level 7. HP: 38/62 MP: 0/6
  3198 | D:5      | Entered Level 5 of the Dungeon
  3459 | D:5      | Noticed a wyvern
  3465 | D:5      | Killed a wyvern
  3685 | D:5      | Identified the +11 war axe "Iphug" {heavy, ^Fragile rElec
                  | rPois rF++}
  3901 | D:6      | Reached XP level 8. HP: 61/71 MP: 7/7
  4061 | D:6      | Found a shimmering blue altar of Sif Muna.
  4356 | D:6      | Found a white marble altar of Elyvilon.
  4424 | D:6      | Noticed Grinder
  4436 | D:6      | Reached skill level 10 in Axes
  4450 | D:6      | Paralysed by Grinder for 5 turns
  4494 | D:6      | Paralysed by Grinder for 4 turns
  4500 | D:6      | Killed Grinder
  4763 | D:6      | Found a burning altar of Makhleb.
  4830 | D:6      | Found a staircase to the Ecumenical Temple.
  4972 | D:6      | Reached XP level 9. HP: 81/81 MP: 8/8
  5159 | D:7      | Found a shimmering altar of Xom.
  5355 | D:7      | Reached *** piety under Trog
  5677 | D:7      | Found an iron altar of Okawaru.
  5721 | D:8      | Noticed Joseph
  5727 | D:8      | Found a flagged portal.
  5734 | D:8      | Killed Joseph
  5849 | Bailey   | Entered a bailey
  5942 | Bailey   | Noticed a gargoyle
  5959 | Bailey   | Killed a gargoyle
  6186 | Bailey   | Reached **** piety under Trog
  6197 | Bailey   | Reached XP level 10. HP: 88/91 MP: 9/9
  6630 | D:8      | Noticed Pikel
  6642 | D:8      | Killed Pikel
  6643 | D:8      | Reached skill level 10 in Fighting
  6812 | D:8      | Noticed Maggie
  6831 | D:8      | Killed Maggie
  7344 | D:8      | Noticed Erica
  7351 | D:8      | Killed Erica
  7352 | D:8      | Reached skill level 10 in Armour
  8103 | D:9      | Noticed a two-headed ogre
  8110 | D:9      | Killed a two-headed ogre
  8111 | D:9      | Reached XP level 11. HP: 97/101 MP: 10/10
  8627 | D:9      | Found a sparkling altar of Nemelex Xobeh.
  8802 | D:10     | Entered Level 10 of the Dungeon
  8843 | D:10     | Reached skill level 15 in Axes
  8883 | D:10     | Found a blossoming altar of Fedhas.
  8888 | D:10     | Found a stormy altar of Qazlal.
  8893 | D:10     | Identified the +4 chain mail "Akaiwo" {Str+2}
  9252 | D:10     | Reached ***** piety under Trog
  9295 | D:10     | Found a runed translucent gate.
  9295 | D:10     | Found a runed translucent gate.
  9295 | D:10     | Found a runed translucent gate.
  9295 | D:10     | Noticed Tizio's ghost (journeyman MiFi)
  9298 | D:10     | Found a basalt altar of Yredelemnul.
  9540 | D:10     | Found a shadowy altar of Dithmenos.
 10112 | D:11     | Noticed a two-headed ogre
 10119 | D:11     | Killed a two-headed ogre
 10153 | D:11     | Noticed a fire crab
 10164 | D:11     | Killed a fire crab
 10192 | D:11     | Found a staircase to the Lair.
 10488 | D:11     | Found the +8 orange crystal plate armour {Archmagi, Int+3
                  | Clar}
 10678 | D:11     | Noticed a two-headed ogre
 10683 | D:11     | Killed a two-headed ogre
 10684 | D:11     | Reached XP level 12. HP: 109/113 MP: 11/11
 10958 | D:12     | Noticed a two-headed ogre
 10969 | D:12     | Killed a two-headed ogre
 11126 | D:12     | Found a staircase to the Orcish Mines.
 11214 | D:12     | Noticed a boulder beetle
 11227 | D:12     | Killed a boulder beetle
 11838 | Lair:1   | Entered Level 1 of the Lair of Beasts
 12451 | Lair:2   | Noticed an eight-headed hydra
 12463 | Lair:2   | Killed a 12-headed hydra
 12596 | Lair:2   | Noticed a four-headed hydra
 12604 | Lair:2   | Killed a seven-headed hydra
 12605 | Lair:2   | Noticed a boulder beetle
 12623 | Lair:2   | Killed a boulder beetle
 12785 | Lair:2   | Found the +3 pair of seven-league boots {Rampage+∞}
 12953 | Lair:2   | Reached XP level 13. HP: 109/123 MP: 12/12
 13199 | Lair:2   | Identified the +4 ring mail of Evolution {rCorr Int-5
                  | Dex+2}
 13730 | Orc:1    | Entered Level 1 of the Orcish Mines
 13879 | Orc:1    | Found a burning altar of Makhleb.
 13960 | Orc:1    | Received a gift from Trog
 14307 | Orc:2    | Entered Level 2 of the Orcish Mines
 14362 | Orc:2    | Found a staircase to the Elven Halls.
 14440 | Orc:2    | Noticed Urug
 14456 | Orc:2    | Killed Urug
 14560 | Orc:2    | Found Teclux's Antique Armour Shop.
 14560 | Orc:2    | Noticed an orc warlord
 14568 | Orc:2    | Found Godghus's Antique Weapon Shop.
 14574 | Orc:2    | Killed an orc warlord
 14576 | Orc:2    | Received a gift from Trog
 14612 | Orc:2    | Found Wyan Zoa's General Store.
 14830 | Orc:2    | Noticed Sonja
 14842 | Abyss:1  | Cast into level 1 of the Abyss (Sonja)
 14933 | Abyss:1  | Noticed a starcursed mass
 14946 | Abyss:1  | Noticed a starcursed mass
 14955 | Abyss:1  | Noticed a tentacled starspawn
 14956 | Abyss:1  | Paralysed by accursed screaming for 1 turns
 14962 | Abyss:1  | Paralysed by accursed screaming for 1 turns
 14966 | Abyss:1  | Killed a tentacled starspawn
 14967 | Abyss:1  | Reached skill level 15 in Fighting
 15007 | Abyss:1  | Reached skill level 15 in Armour
 15340 | Abyss:1  | Noticed a starcursed mass
 15378 | Abyss:1  | Noticed a bone dragon
 15389 | Abyss:1  | Killed a bone dragon
 15390 | Abyss:1  | Reached XP level 14. HP: 70/122 MP: 13/13
 15392 | Orc:2    | Escaped the Abyss
 15396 | Orc:2    | Killed Sonja
 15658 | Orc:2    | Noticed Josephine
 15669 | Orc:2    | Killed Josephine
 16023 | Orc:2    | Found Wom Ewujaa's Book Shop.
 16509 | D:1      | Bought a buckler for 108 gold pieces
 17340 | Lair:3   | Reached skill level 1 in Shields
 17498 | Lair:3   | Reached skill level 5 in Shields
 17784 | Lair:3   | Found a staircase to the Swamp.
 17790 | Swamp:1  | Entered Level 1 of the Swamp
 18395 | Lair:3   | Reached skill level 10 in Shields
 18568 | Swamp:1  | Received a gift from Trog
 19206 | D:13     | Identified the +8 chain mail of the Endless Expanse {Str-2
                  | Int+6}
 19625 | D:13     | Noticed an ironbound thunderhulk
 19636 | D:13     | Killed an ironbound thunderhulk
 19647 | D:13     | Reached XP level 15. HP: 122/144 MP: 14/14
 19662 | D:13     | Found a gate to the Vaults.
 19999 | D:14     | Noticed Lodul
 20009 | D:14     | Killed Lodul
 20048 | D:14     | Noticed Nessos
 20057 | D:14     | Killed Nessos
 20768 | D:14     | Found the +12 glaive of Prune {freeze, Prune}
 20953 | D:15     | Entered Level 15 of the Dungeon
 21381 | D:15     | Identified the +1 leather armour of Defiance {Int+3}
 21616 | D:15     | Found a staircase to the Depths.
 21904 | Elf:1    | Entered Level 1 of the Elven Halls
 21929 | Elf:1    | Noticed Agnes
 21938 | Elf:1    | Killed Agnes
 22234 | Swamp:2  | Reached skill level 5 in Dodging
 22600 | Swamp:2  | Found a transporter.
 22745 | Swamp:2  | Noticed a thorn hunter
 22750 | Swamp:2  | Noticed a tentacled monstrosity
 22754 | Swamp:2  | Found a transporter.
 22761 | Swamp:2  | Noticed a thorn hunter
 23360 | Swamp:3  | Reached XP level 16. HP: 91/155 MP: 15/15
 23655 | Swamp:3  | Noticed a thorn hunter
 23671 | Swamp:3  | Killed a thorn hunter
 24078 | Swamp:4  | Entered Level 4 of the Swamp
 24236 | Swamp:4  | Reached skill level 15 in Shields
 24243 | Swamp:4  | Identified the +10 broad axe of Harmony {flame, Fly rC-
                  | Str+2} (Trog gifted it to you on level 4 of the Swamp)
 24243 | Swamp:4  | Received a gift from Trog
 24309 | Swamp:4  | Noticed a thorn hunter
 24318 | Swamp:4  | Killed a thorn hunter
 24551 | Swamp:4  | Got a decaying rune of Zot
 25375 | Elf:1    | Noticed Kirke
 25387 | Elf:1    | Killed Kirke
 25615 | Elf:1    | Found Uguth's Book Shop.
 25616 | Elf:1    | Found Edwoddol's Jewellery Shoppe.
 25617 | Elf:1    | Found Ibro's Book Shop.
 25674 | Elf:1    | Bought an amulet of guardian spirit for 540 gold pieces
 25693 | Elf:1    | Bought a +5 ring of evasion for 648 gold pieces
 26398 | Depths:1 | Entered Level 1 of the Depths
 26543 | Depths:1 | Noticed Asterion
 26551 | Depths:1 | Noticed an Executioner
 26556 | Depths:1 | Killed Asterion
 26557 | Depths:1 | Reached skill level 10 in Dodging
 26657 | Depths:1 | Found a gateway to Hell.
 26690 | Depths:1 | Reached XP level 17. HP: 166/166 MP: 16/16
 27364 | Depths:1 | Found a runed translucent gate.
 27364 | Depths:1 | Found a runed translucent gate.
 27364 | Depths:1 | Found a runed translucent gate.
 27431 | Depths:1 | Found a one-way gate leading to the halls of Pandemonium.
 28016 | Hell     | Entered the Vestibule of Hell
 28016 | Hell     | Noticed Geryon
 28458 | Depths:2 | Noticed the Enchantress
 28489 | Depths:2 | Killed the Enchantress
 28645 | Depths:2 | Found a one-way gate to the infinite horrors of the Abyss.
 29195 | Depths:3 | Noticed a lich
 29207 | Depths:3 | Killed a lich
 29546 | Depths:3 | Noticed a tentacled monstrosity
 29546 | Depths:3 | Noticed a golden dragon
 29547 | Depths:3 | Found a one-way gateway to a ziggurat.
 29548 | Depths:3 | Noticed Parghit
 29555 | Depths:3 | Killed a golden dragon
 29556 | Depths:3 | Killed a tentacled monstrosity
 29556 | Depths:3 | Received a gift from Trog
 29878 | Depths:3 | Killed Parghit
 29879 | Depths:3 | Reached XP level 18. HP: 178/178 MP: 11/17
 30312 | Depths:3 | Identified the amulet of Saerahol {+Inv rElec Regen+ Str+3}
 30357 | Depths:3 | Noticed a walking crystal tome
 30364 | Depths:3 | Killed a walking crystal tome
 30463 | Depths:3 | Noticed a golden dragon
 30471 | Depths:3 | Killed a golden dragon
 30531 | Depths:3 | Noticed a lich
 30540 | Depths:3 | Killed a lich
 30548 | Depths:3 | Noticed a juggernaut
 30548 | Depths:3 | Noticed a caustic shrike
 30549 | Depths:3 | Noticed a juggernaut
 30562 | Depths:3 | Killed a juggernaut
 30563 | Depths:3 | Killed a caustic shrike
 30572 | Depths:3 | Killed a juggernaut
 30589 | Depths:3 | Noticed a golden dragon
 30590 | Depths:3 | HP: 8/173 [tengu reaver/bolt of negative energy (22)]
 30603 | Depths:3 | Killed from afar by a tengu reaver

Illustrated notes

Levels and vault maps discovered:
D:1:      minmay_arrival_semitransparent, layout_basic, serial_shops, shop,
          minmay_tetromino_o2
D:2:      layout_basic, minmay_quantized, uniq_natasha, uniq_sigmund
D:3:      layout_basic, nicolae_wu_jian_immortal_techniques, serial_bayou_pond_a
D:4:      layout_rooms, trog_book, nicolae_houndstooth_variations, uniq_edmund,
          uniq_crazy_yiuf_cottage
D:5:      layout_basic, serial_rivers, chequers_serial_rivers_room_b,
          chequers_serial_rivers_micro_d, chequers_serial_rivers_micro_e,
          chequers_serial_rivers_micro_a, chequers_serial_rivers_micro_b
D:6:      layout_basic, mainiacjoe_overflow_24_doors, makhleb_heckhound_becter,
          led_sif_pool, nicolae_overflow_hidden_temple,
          minmay_temple_entry_butterflies, uniq_grinder
D:7:      layout_basic, led_xom_imps, overflow_temple_1_default,
          grunt_decor_fettered, minivault_26
D:8:      layout_loops_ring, enter_bailey_1, kennysheep_big_empty_room,
          uniq_erica, uniq_maggie, uniq_joseph, uniq_pikel
D:9:      layout_layer_cave, nemelex_spade_bored_becter
D:10:     layout_long_grid, grunt_temple_overflow_forces_of_nature,
          nicolae_dithmenos_through_a_glass_darkly,
          nicolae_yredelemnul_ghost_church
D:11:     layout_long_grid, minmay_lair_entry_lava
D:12:     layout_basic, orc_0_dummy
D:13:     layout_cave_pools, hellmonk_vaults_keyhole
D:14:     layout_roguey, serial_park_avenue1, minmay_guarded_unrand_prune,
          uniq_lodul, uniq_nessos
D:15:     grunt_enter_depths_snipers, layout_basic,
          chequers_serial_rivers_micro_a
Lair:1:   layout_big_grid
Lair:2:   layout_regular_city, hellmonk_guarded_unrand_seven_league_boots
Lair:3:   layout_gridlike, minmay_swamp_entry_worms, spider_nest_entry_rubble,
          serial_bayou_pond_e
Swamp:1:  layout_falls_marsh, serial_swamp_ruin, evilmike_swamp_ruin_house_2,
          evilmike_swamp_ruin_rubble_2
Swamp:2:  gammafunk_sealed_arena, layout_basic_swamp,
          evilmike_swamp_ruin_house_4, swamp_pool_1_2, infiniplex_staircase_pool
Swamp:3:  layout_basic_swamp, nicolae_swamp_big_swirl
Swamp:4:  swamp_alternative, layout_basic_swamp
Orc:1:    layout_caves, gammafunk_ghost_fury_of_okawaru, basic_altar
Orc:2:    grunt_orc_cross, layout_caves, nicolae_orc_pool_cavern,
          nicolae_orc_crystal_geode, uniq_josephine, uniq_urug, uniq_sonja
Elf:1:    layout_geoelf_octagon, minivault_28,
          nicolae_elf_glass_and_crystal_pillar_1, chequers_big_river,
          minmay_shop_grove, uniq_kirke, uniq_agnes
Depths:1: layout_basic, grunt_pan_entry_sceptre, pf_vacation_house_of_asmodeus,
          pandoras_box_mu, uniq_asterion
Depths:2: nicolae_cairo_tiling_large, layout_cave_pools,
          nicolae_zig_zag_zippers, abyss_entry, rand_demon_pan_entry_9,
          hell_entry, uniq_enchantress
Depths:3: minmay_the_grid_triangle_9x9_line_8_mashed
          [minmay_the_grid_triangle_9x9_negative_grid,
          minmay_the_grid_triangle_9x9_wacky_v,
          minmay_the_grid_triangle_9x9_empty,
          minmay_the_grid_triangle_9x9_alien,
          minmay_the_grid_triangle_9x9_warning,
          minmay_the_grid_triangle_9x9_pentomino_pain,
          minmay_the_grid_triangle_9x9_odd_lines,
          minmay_the_grid_triangle_9x9_prize_special], layout_cave_pools,
          enter_ziggurat_a, chequers_decorated_corner, abyss_entry, hell_entry,
          uniq_parghit
Hell

Skill      XL: |  1  2  3  4  5  6  7  8  9 10 11 12 13 14 15 16 17 18 |
---------------+-------------------------------------------------------+-----
Axes           | 4 5 6 7 8 10 12 14 16 18 19 20 | 20.9
Fighting       | 4 5 6 7 9 10 12 13 15 16 17 18 20 | 20.7
Armour         | 3 4 5 6 7 9 10 12 13 15 16 17 | 17.4
Shields        | 12 14 16 17 18 | 18.5
Dodging        | 6 10 12 13 | 13.0

Action                     |  1- 3 |  4- 6 |  7- 9 | 10-12 | 13-15 | 16-18 || total
---------------------------+-------+-------+-------+-------+-------+-------++-------
  Melee: Hand axe          |    51 |   111 |       |       |       |       ||   162
         Headbutt          |     6 |    23 |    37 |    47 |   121 |   126 ||   360
         Punch             |       |     1 |     5 |     4 |     4 |       ||    14
         Flail             |       |       |    98 |       |       |       ||    98
         War axe           |       |       |    95 |   264 |   621 |   562 ||  1542
  Throw: Dart              |       |       |     1 |    22 |    13 |       ||    36
 Invoke: Berserk           |       |     1 |     6 |     6 |     8 |    14 ||    35
         Trog's Hand       |       |       |     4 |     6 |    16 |    15 ||    41
         Brothers in Arms  |       |       |       |       |     2 |     5 ||     7
    Use: Scroll            |       |       |     8 |     7 |    16 |    12 ||    43
         Potion            |       |       |     2 |       |     5 |    10 ||    17
   Stab: Distracted        |       |       |       |       |     1 |     2 ||     3
 Armour: Animal skin       |    24 |       |       |       |       |       ||    24
         Scale mail        |     4 |    74 |   123 |   130 |       |       ||   331
         Chain mail        |       |       |    21 |    25 |       |       ||    46
         Crystal plate arm |       |       |       |   152 |   806 |   655 ||  1613
  Dodge: Dodged            |    37 |    43 |   103 |   156 |   260 |   305 ||   904
  Block: Buckler           |       |       |       |       |   154 |   121 ||   275
         Tower shield      |       |       |       |       |       |   455 ||   455
